 Dungeon Crawl Stone Soup version 0.25-a0-860-gf695395b5c (webtiles) character file.

Game seed: 17039984599464483869, levelgen mode: deterministic

236 Brecoman the Chiller (level 5, 0/39 HPs)
             Began as a Demonspawn Ice Elementalist on Apr 29, 2020.
             Slain by Grinder (1 damage)
             ... while paralysed by Grinder
             ... on level 4 of the Dungeon.
             The game lasted 00:12:28 (3672 turns).

Brecoman the Chiller (Demonspawn Ice Elementalist)  Turns: 3672, Time: 00:12:28

Health: 0/39       AC:  2    Str:  8    XL:     5   Next: 77%
Magic:  6/9        EV:  2    Int: 18    God:
Gold:   123        SH:  0    Dex: 13    Spells: 3/10 levels left

rFire    . . .     SeeInvis .   b - +1 dagger
rCold    . . .     Gourm    .   (no shield)
rNeg     + . .     Faith    .   C - +0 leather armour
rPois    .         Spirit   .   e - -2 helmet (curse)
rElec    .         Reflect  .   (no cloak)
rCorr    .         Harm     .   (no gloves)
MR       .....                  (no boots)
Stlth    ++........             E - amulet of regeneration
HPRegen  0.53/turn              A - ring of positive energy
MPRegen  0.11/turn              y - ring of wizardry

@: paralysed
A: powered by pain 1, spiny 2
a: no special abilities


You were on level 4 of the Dungeon.
You were hungry.

You visited 1 branch of the dungeon, and saw 4 of its levels.

You collected 123 gold pieces.

Inventory:

Hand Weapons
 b - a +1 dagger (weapon)
 h - a +0 hunting sling
 p - a +0 vorpal falchion
Missiles
 d - 31 stones
 f - 15 poisoned darts (quivered)
Armour
 a - a +1 robe
 e - a cursed -2 helmet (worn)
 B - a +0 ring mail
 C - a +0 leather armour (worn)
Jewellery
 u - an uncursed ring of protection from cold
 y - a ring of wizardry (right hand)
 A - a ring of positive energy (left hand)
 E - an amulet of regeneration (around neck)
Scrolls
 i - 3 scrolls of enchant armour
 l - a scroll of fear
 n - 2 scrolls of teleportation
Potions
 k - a potion of curing {unknown}
 m - a potion of cancellation {unknown}
 r - 2 potions of haste {unknown}
 s - a potion of degeneration {unknown}
 t - a potion of mutation {unknown}
 v - 2 potions of lignification {unknown}
 x - a potion of might {unknown}
 z - 2 potions of heal wounds {unknown}
 D - a potion of magic {unknown}
 F - a potion of stabbing {unknown}
Comestibles
 c - 5 rations
 g - 4 chunks of flesh


   Skills:
 + Level 2.5 Fighting
 + Level 3.1 Dodging
 - Level 1.7 Stealth
 + Level 3.1 Spellcasting
 - Level 1.0 Charms
 + Level 4.4 Ice Magic


You had 3 spell levels left.
You knew the following spells:

 Your Spells              Type           Power        Failure   Level  Hunger
a - Freeze                Ice            ###.         1%          1    None
b - Frozen Ramparts       Ice            ###...       4%          3    ###....
c - Ozocubu's Armour      Chrm/Ice       ##......     9%          3    ###....

Your spell library contained the following spells:

 Spells                   Type           Power        Failure   Level  Hunger
 Hailstorm                Conj/Ice       ##......     34%         4    ####...
 Summon Ice Beast         Ice/Summ       ##......     34%         4    ####...


Dungeon Overview and Level Annotations

Branches:
Dungeon (4/15)
 Temple: D:4-7

Altars:
Elyvilon
Vehumet

Annotations:
D:4 Grinder


Innate Abilities, Weirdness & Mutations

You sometimes gain a little power by taking damage.
You are mostly covered in sharp spines.


Message History

You closely miss Grinder.
Grinder is lightly wounded.
Grinder gestures at you. Pain shoots through your body!
You hit Grinder.
Grinder is lightly wounded.
Grinder hits you!
Okay, then.
Your icy armour cracks and falls away as you move.
Grinder gestures at you.
You suddenly lose the ability to move!
Grinder gestures at you. You resist with significant effort. Grinder hits you.
You writhe in agony.
Grinder is struck by your spines. Grinder hits you.
* * * LOW HITPOINT WARNING * * *
Grinder is struck by your spines. Grinder hits you!
* * * LOW HITPOINT WARNING * * *
You writhe in agony.
You die...

###. #... #..# #:.# # ..#
#.###########.## #.#
#....<..).......
####.###.############.....###
......$......## #[#####
########.#...@#######.#####
#.#...5............#
..##...#######.#####
######.## #.# #.# #.# #.# #.#
#.# #.# #.# #.# #.# .#


You could see Grinder.

Vanquished Creatures
  Natasha (thrice) (D:2)
  8 adders
  A gnoll (D:3)
  3 oozes
  A worm (D:2)
  2 dart slugs
  2 leopard geckos
  5 orcs
  3 giant cockroaches
  4 goblins
  5 hobgoblins
  A quokka (D:2)
  A ball python (D:4)
  5 bats
  5 frilled lizards
  6 kobolds
  A leopard gecko skeleton (D:3)
  9 rats
65 creatures vanquished.

Vanquished Creatures (others)
  4 toadstools (D:1)
4 creatures vanquished.

Grand Total: 69 creatures vanquished

Notes
Turn   | Place    | Note
-------+----------+-------------------------------------------
     0 | D:1      | Brecoman the Demonspawn Ice Elementalist began the quest
                  | for the Orb.
     0 | D:1      | Reached XP level 1. HP: 13/13 MP: 3/3
   787 | D:1      | Gained mutation: You are partially covered in sharp spines.
                  | [demonic ancestry]
   787 | D:1      | Reached XP level 2. HP: 20/20 MP: 3/5
  1033 | D:2      | Reached skill level 1 in Fighting
  1056 | D:2      | Noticed Natasha
  1074 | D:2      | Killed Natasha
  1074 | D:2      | Reached XP level 3. HP: 9/26 MP: 6/6
  1276 | D:2      | Learned a level 3 spell: Frozen Ramparts
  1675 | D:2      | Reached skill level 4 in Ice Magic
  1714 | D:2      | Noticed Natasha
  1717 | D:2      | Gained mutation: You sometimes gain a little power by
                  | taking damage. [demonic ancestry]
  1717 | D:2      | Reached XP level 4. HP: 32/32 MP: 0/7
  1733 | D:2      | Found a white marble altar of Elyvilon.
  1820 | D:2      | Killed Natasha
  1902 | D:2      | Learned a level 3 spell: Ozocubu's Armour
  2084 | D:2      | Noticed Natasha
  2090 | D:2      | Killed Natasha
  2112 | D:2      | Gained mutation: You are mostly covered in sharp spines.
                  | [demonic ancestry]
  2112 | D:2      | Reached XP level 5. HP: 38/38 MP: 6/9
  3078 | D:3      | Reached skill level 1 in Charms
  3370 | D:3      | Found a radiant altar of Vehumet.
  3649 | D:4      | Noticed Grinder
  3656 | D:4      | Paralysed by Grinder for 7 turns
  3668 | D:4      | Paralysed by Grinder for 5 turns
  3672 | D:4      | HP: 1/39 [Grinder (7)]
  3672 | D:4      | Slain by Grinder

Levels and vault maps discovered:
D:1:      ldierk_walled_garden_2, layout_basic
D:2:      minmay_chambers_of_twos, layout_loops_corners, elyvilon_altar_5,
          uniq_natasha
D:3:      layout_loops_ring, lemuel_crystal_altar, minmay_between
D:4:      layout_loops_ring, kennysheep_slug_shrine,
          lemuel_zombie_altar_yredelemnul, serial_shops, shop, first_ration,
          gammafunk_ghost_necromancy, uniq_menkaure, uniq_grinder

Skill      XL: |  1  2  3  4  5 |
---------------+----------------+-----
Dodging        | 2 3 |  3.1
Fighting       | 1 2 |  2.5
Ice Magic      | 4 |  4.4
Spellcasting   | 3 |  3.1
Charms         | 1 |  1.0
Stealth        | |  1.7

Action                   |  1- 3 |  4- 6 || total
-------------------------+-------+-------++-------
Melee: Dagger            |    19 |    38 ||    57
Throw: Dart              |     9 |       ||     9
 Cast: Freeze            |    23 |    15 ||    38
       Frozen Ramparts   |     3 |    16 ||    19
       Ozocubu's Armour  |       |     4 ||     4
  Use: Scroll            |     1 |     6 ||     7
 Stab: Sleeping          |     2 |     4 ||     6
  Eat: Chunk             |     3 |     7 ||    10
Armor: Robe              |     1 |     3 ||     4
Dodge: Dodged            |    26 |    16 ||    42

Table legend:
 A = Non-vault XP
 B = Vault XP
 C = Vault XP percentage of total XP
 D = Non-vault monster count
 E = Vault monster count
 F = Vault count percentage of total count
                 A         B        C        D         E       F
            +---------+---------+-------+---------+---------+-------
      Total |     246 |      92 |  27.2 |      50 |      15 |  23.1
            +---------+---------+-------+---------+---------+-------
        D:1 |      24 |       0 |   0.0 |       9 |       0 |   0.0
        D:2 |     144 |      59 |  29.1 |      22 |       9 |  29.0
        D:3 |      74 |      33 |  30.8 |      17 |       6 |  26.1
        D:4 |       4 |       0 |   0.0 |       2 |       0 |   0.0
            +---------+---------+-------+---------+---------+-------
